 Dungeon Crawl Stone Soup version 0.20.0-10-g0535bb4 (webtiles) character file.

8436 kuniqs the Skirmisher (level 11, -1/58 HPs)
             Began as a Vine Stalker Fighter on June 3, 2017.
             Slain by a blink frog (7 damage)
             ... on level 2 of the Lair of Beasts.
             The game lasted 00:15:01 (8951 turns).

kuniqs the Skirmisher (Vine Stalker Fighter)        Turns: 8951, Time: 00:15:02

Health: -1/58      AC: 14    Str: 23    XL:     11   Next: 30%
Magic:  0/12       EV:  7    Int: 11    God:
Gold:   701        SH: 11    Dex: 10    Spells: 10/10 levels left

rFire    . . .     SeeInvis .   a - +0 rapier
rCold    . . .     Gourm    .   c - +0 shield
rNeg     . . .     Faith    .   b - +0 plate armour
rPois    .         Spirit   +   q - +0 helmet
rElec    +         Reflect  .   g - +0 cloak
rCorr    .         Harm     .   v - +0 pair of gloves
MR       +....                  X - +0 pair of boots
Stlth    ..........             D - amulet of rage
Regen    0.6/turn               C - ring of loudness (curse)
MPRegen  0.2/turn               U - ring "Fotwikhle" {rElec AC-4 Int+3 Dex-3 Stlth+} (curse)

@: no status effects
A: fangs 3, regeneration 1, magic shield, antimagic bite, no potion heal 3, rot
immunity
a: Evoke Berserk Rage


You were on level 2 of the Lair of Beasts.
You were not hungry.

You visited 2 branches of the dungeon, and saw 12 of its levels.
You also visited: Sewer.

You collected 701 gold pieces.

Inventory:

Hand Weapons
 a - a +0 rapier (weapon)
 V - a +0 hand axe of flaming
Missiles
 t - a throwing net (quivered)
Armour
 b - a +0 plate armour (worn)
 c - a +0 shield (worn)
 g - a +0 cloak (worn)
 q - a +0 helmet (worn)
 v - a +0 pair of gloves (worn)
 X - a +0 pair of boots (worn)
Jewellery
 j - an uncursed ring of stealth
 r - a cursed amulet of inaccuracy {unknown}
 A - the ring of Nobility {Wiz rElec rPois Str+7 Stlth-}
   (You found it on level 5 of the Dungeon)

   [ring of wizardry]

   It improves your spell success rate.
   It affects your strength (+7).
   It insulates you from electricity.
   It protects you from poison.
   It makes you less stealthy.
 C - a cursed ring of loudness (left hand)
 D - an amulet of rage (around neck)
 P - an uncursed ring of protection from magic {unknown}
 Q - a cursed amulet of inaccuracy {unknown}
 U - the cursed ring "Fotwikhle" (right hand) {rElec AC-4 Int+3 Dex-3 Stlth+}
   (You found it on level 10 of the Dungeon)

   [ring of protection]

   It affects your AC (-4).
   It affects your intelligence (+3).
   It affects your dexterity (-3).
   It insulates you from electricity.
   It makes you more stealthy.
   It has a curse placed upon it.
Wands
 y - a wand of flame (16/48)
 L - a wand of paralysis (9/24)
 S - a wand of lightning (3/15)
Scrolls
 h - 6 scrolls of identify {unknown}
 l - 8 scrolls of teleportation {unknown}
 o - 4 scrolls of remove curse {unknown}
 p - a scroll of noise {unknown}
 w - a scroll of random uselessness {unknown}
 x - 2 scrolls of enchant weapon {unknown}
 B - 4 scrolls of enchant armour {unknown}
 F - 4 scrolls of recharging {unknown}
 G - a scroll of blinking {unknown}
 H - a scroll of fog {unknown}
 I - a scroll of fear {unknown}
 K - a scroll of holy word {unknown}
 M - a scroll of acquirement {unknown}
 N - 2 scrolls of immolation {unknown}
 O - a scroll of amnesia {unknown}
Potions
 i - 13 potions of curing {unknown}
 m - 2 potions of mutation {unknown}
 n - 8 potions of magic {unknown}
 s - 4 potions of brilliance {unknown}
 u - a potion of agility {unknown}
 z - 3 potions of lignification {unknown}
 E - 3 potions of heal wounds {unknown}
 J - 3 potions of haste {unknown}
 R - a potion of degeneration {unknown}
 T - 3 potions of cancellation {unknown}
 W - 2 potions of might
Comestibles
 d - 9 bread rations
 e - 8 meat rations
 f - 12 fruits
 k - 6 royal jellies


   Skills:
 + Level 7.6 Fighting
 + Level 7.1 Short Blades
 + Level 7.1 Armour
 + Level 6.4 Dodging
 + Level 7.5 Shields


You had 10 spell levels left.
You didn't know any spells.

Dungeon Overview and Level Annotations

Branches:
Dungeon (10/15)            Temple (0/1) D:7            Lair (2/6) D:10
  Swamp: Lair:2-4    Shoals: Lair:2-4     Snake: Lair:2-4    Spider: Lair:2-4
    Orc: D:9-12

Altars:
Ashenzari
Elyvilon
Fedhas
Gozag
Kikubaaqudgha
Nemelex Xobeh
Okawaru
Ru

Annotations:
D:2 Ijyb


Innate Abilities, Weirdness & Mutations

You have razor-sharp teeth.
Your natural rate of healing is unusually fast.
When hurt, damage is shared between your health and your magic reserves.
Your bite disrupts and absorbs the magic of your enemies.
Potions cannot restore your health.
You are immune to rotting.


Message History

You miss the blink frog. Your bite misses the blink frog.
The blink frog is almost dead.
You block the blink frog's attack.
You closely miss the blink frog. Your bite misses the blink frog.
The blink frog is almost dead.
The blink frog hits you but does no damage.
You closely miss the blink frog.
The blink frog is almost dead.
The blink frog falters for a moment.
You block the blink frog's attack.
You hit the blink frog. Your bite misses the blink frog.
The blink frog is almost dead.
The blink frog misses you. The blink frog closely misses you.
The blink frog blinks!
The blink frog falters for a moment.
You miss the blink frog. Your bite misses the blink frog.
The blink frog is almost dead.
The blink frog blinks!
Found 10 stones.
There is a stone staircase leading up here.
The blink frog hits you!
You die...

.. #...(.
P...
..#.....#
....
........#
.....
........#
.....
...#..#......
##....#......
#.....F......
#.P.@# ###<.#
#..# .....
....#...
F........#
....#...#.#
......... ##
#..... ..(#


You could see 2 blink frogs.

Vanquished Creatures
  A hydra (D:10)
  A two-headed ogre (D:10)
  The ghost of Turgon the Twirler, a novice OpFi (D:7)
  Grinder (D:4)
  2 dream sheep (D:10)
  A hippogriff (Lair:1)
  A shadow (D:10)
  A basilisk (Lair:1)
  2 yaks (D:10)
  A hungry ghost (D:7)
  Grum (D:9)
  A soldier ant (D:10)
  2 hell hounds (D:10)
  3 orc warriors
  A water moccasin (D:8)
  2 ice beasts
  A sky beast (D:5)
  3 phantoms
  A black bear (D:5)
  3 wolves (D:9)
  5 ogres
  4 centaurs
  2 crocodiles
  4 big kobolds
  7 bullfrogs
  6 killer bees (D:7)
  4 wights (D:10)
  A howler monkey (D:9)
  Crazy Yiuf (D:4)
  4 orc priests
  2 centaur zombies
  2 jellies
  6 hounds
  A bullfrog skeleton (D:5)
  3 orc wizards
  3 centaur skeletons
  Terence (D:3)
  2 iguanas
  5 worker ants
  A killer bee zombie (D:9)
  2 hound zombies
  A hound skeleton (D:8)
  2 worker ant zombies
  11 gnolls
  20 adders
  2 river rats (Sewer)
  4 shadow imps
  An ooze (Sewer)
  An adder zombie (D:5)
  3 worms
  6 dart slugs
  7 leopard geckos
  26 orcs
  3 giant cockroaches
  3 hobgoblins (D:1)
  4 jackals (D:9)
  7 kobolds
  4 quokkas
  10 ball pythons
  5 bats
  9 frilled lizards
  13 goblins
  2 jackal skeletons
  32 rats
272 creatures vanquished.

Notes
Turn   | Place    | Note
-------+----------+-------------------------------------------
     0 | D:1      | kuniqs the Vine Stalker Fighter began the quest for the Orb.
     0 | D:1      | Reached XP level 1. HP: 11/11 MP: 2/2
   245 | D:1      | Reached XP level 2. HP: 15/16 MP: 3/3
   826 | D:1      | Reached XP level 3. HP: 17/19 MP: 4/4
  1131 | D:2      | Gained mutation: Your natural rate of healing is unusually fast. [Vine Stalker growth]
  1131 | D:2      | Reached XP level 4. HP: 24/24 MP: 5/5
  1169 | D:2      | Found a sacrificial altar of Ru.
  1173 | D:2      | Reached skill level 1 in Dodging
  1198 | D:2      | Noticed Ijyb
  1633 | D:3      | Reached XP level 5. HP: 28/28 MP: 6/6
  1650 | D:3      | Noticed Terence
  1661 | D:3      | Killed Terence
  1848 | D:3      | Found a sparkling altar of Nemelex Xobeh.
  1883 | D:3      | Found an iron altar of Okawaru.
  2064 | D:4      | Reached XP level 6. HP: 25/32 MP: 7/7
  2096 | D:4      | Reached XP level 7. HP: 31/37 MP: 8/8
  2277 | D:4      | Found a shattered altar of Ashenzari.
  2277 | D:4      | Found an opulent altar of Gozag.
  2412 | D:4      | Noticed Grinder
  2459 | D:4      | Killed Grinder
  2758 | D:4      | Gained mutation: You have razor-sharp teeth. [Vine Stalker growth]
  2758 | D:4      | Reached XP level 8. HP: 41/42 MP: 9/9
  2897 | D:4      | Found a blossoming altar of Fedhas.
  2919 | D:4      | Found a runed door.
  3246 | D:4      | Noticed Crazy Yiuf
  3252 | D:4      | Killed Crazy Yiuf
  3327 | D:5      | Entered Level 5 of the Dungeon
  3487 | D:5      | Got a faintly glowing amber ring
  3489 | D:5      | Identified the ring of Nobility {Wiz rElec rPois Str+7 Stlth-} (You found it on level 5 of the Dungeon)
  3490 | D:5      | HOLY SHIT
  3723 | D:5      | Reached skill level 5 in Shields
  3840 | D:5      | Found a white marble altar of Elyvilon.
  3934 | D:5      | Reached skill level 5 in Fighting
  4081 | D:6      | Found a glowing drain.
  4097 | Sewer    | Entered a sewer
  4333 | Sewer    | Reached XP level 9. HP: 37/47 MP: 7/10
  4420 | Sewer    | Reached skill level 5 in Armour
  4696 | D:6      | Got a distressingly furry chain mail
  4710 | D:6      | Identified the +7 chain mail of the Illusory Tales {MR+ Dex+5 Slay-4} (You found it on level 6 of the Dungeon)
  4792 | D:6      | Reached skill level 5 in Short Blades
  5114 | D:7      | Found a staircase to the Ecumenical Temple.
  5271 | D:7      | Noticed Turgon's ghost (novice OpFi)
  5848 | D:7      | Killed Turgon's ghost
  5848 | D:7      | Reached skill level 5 in Dodging
  5848 | D:7      | Reached XP level 10. HP: 29/53 MP: 6/11
  7116 | D:9      | Noticed Grum
  7135 | D:9      | Killed Grum
  7471 | D:9      | Found an ancient bone altar of Kikubaaqudgha.
  7555 | D:10     | Entered Level 10 of the Dungeon
  7675 | D:10     | Got a bound amber ring
  7677 | D:10     | Identified the cursed ring "Fotwikhle" {rElec AC-4 Int+3 Dex-3 Stlth+} (You found it on level 10 of the Dungeon)
  7838 | D:10     | Noticed a two-headed ogre
  7848 | D:10     | Killed a two-headed ogre
  8030 | D:10     | Reached XP level 11. HP: 16/58 MP: 8/12
  8136 | D:10     | Noticed a three-headed hydra
  8142 | D:10     | Killed a one-headed hydra
  8296 | D:10     | Found a staircase to the Lair.
  8382 | Lair:1   | Entered Level 1 of the Lair of Beasts
  8943 | Lair:2   | HP: 2/58 [blink frog (2)]
  8951 | Lair:2   | Slain by a blink frog

Skill      XL: |  1  2  3  4  5  6  7  8  9 10 11 |
---------------+----------------------------------+-----
Short Blades   | 2 3 4 5 6 7 |  7.1
Shields        | 3 4 5 6 7 |  7.5
Fighting       | 3 4 5 6 7 |  7.6
Dodging        | 1 2 3 4 5 6 |  6.4
Armour         | 3 4 5 6 7 |  7.1

Action                   |  1- 3 |  4- 6 |  7- 9 | 10-12 || total
-------------------------+-------+-------+-------+-------++-------
Melee: Rapier            |    58 |   163 |   581 |   411 ||  1213
       Bite              |    12 |    60 |   179 |   142 ||   393
       Hand axe          |       |       |       |     5 ||     5
 Stab: Sleeping          |       |     4 |     3 |       ||     7
  Eat: Chunk             |       |     4 |    12 |     8 ||    24
       Royal jelly       |       |       |     3 |     1 ||     4
Armor: Scale mail        |    13 |    66 |   189 |       ||   268
       Chain mail        |       |       |    30 |     4 ||    34
       Plate armour      |       |       |       |   125 ||   125
Dodge: Dodged            |    20 |    70 |   212 |    96 ||   398
Block: Shield            |    16 |    97 |   326 |   196 ||   635
       Buckler           |       |       |     2 |       ||     2
